[Event "Team 45 45 League T52"]
[Site "Internet Chess Club"]
[Date "2012.03.04"]
[Round "3"]
[White "katikus"]
[Black "gerailen0075"]
[Result "1/2-1/2"]
[WhiteElo "1809"]
[BlackElo "1818"]
[Opening "Sicilian: Alapin's variation (2.c3)"]
[ECO "B22"]
[Time "19:02:22"]
[TimeControl "2700+45"]

1. e4 c5 2. c3 d5 3. exd5 Qxd5 4. d4 Nf6 5. Nf3 Bg4 6. dxc5 Qxc5 7. Na3 a6 8.
Be3 Qc7 9. h3 Bf5 10. Be2 Nbd7 11. O-O e5 12. Nc2 Rd8 13. Nb4 Bc5 14. Qc1 O-O
15. Rd1 h6 16. Nd5 Nxd5 17. Rxd5 Be7 18. b3 Be4 19. Rd1 Nc5 20. Qb2 Bf6 21. Nd2
Bg6 22. Nc4 Nd3 23. Bxd3 Rxd3 24. Rxd3 Bxd3 25. Rd1 Bxc4 26. bxc4 Qxc4 27. Qxb7
Qxa2 28. Rd6 a5 29. Bxh6 Qa1+ 30. Kh2 Qxc3 31. Be3 Qc8 32. Qxc8 Rxc8 33. Ra6 Bd8
{Game drawn by mutual agreement} 1/2-1/2

[Event "Team 45 45 League T52"]
[Site "Internet Chess Club"]
[Date "2012.03.04"]
[Round "3"]
[White "diegoami"]
[Black "plutonas"]
[Result "0-1"]
[WhiteElo "1743"]
[BlackElo "1528"]
[Opening "Alekhine's defense: modern, Larsen variation"]
[ECO "B04"]
[Time "14:00:09"]
[TimeControl "2700+45"]

1. e4 Nf6 2. e5 Nd5 3. d4 d6 4. Nf3 dxe5 5. Nxe5 Nd7 6. f4 Nxe5 7. fxe5 e6 8. g3
a6 9. Bg2 Bb4+ 10. c3 Ba5 11. O-O O-O 12. Na3 b5 13. Qg4 f5 14. exf6 Nxf6 15.
Rxf6 Qxf6 16. Bf4 e5 17. Qe2 exf4 18. Bxa8 c6 19. d5 f3 20. Qf2 Bh3 21. Bxc6 Bb6
{White resigns} 0-1

[Event "Team 45 45 League T52"]
[Site "Internet Chess Club"]
[Date "2012.03.06"]
[Round "3"]
[White "BotanicalKnight"]
[Black "vvsi"]
[Result "0-1"]
[WhiteElo "1488"]
[BlackElo "1654"]
[Opening "Bishop's opening: Classical variation"]
[ECO "C23"]
[Time "19:18:39"]
[TimeControl "2700+45"]

1. e4 e5 2. Bc4 Bc5 3. d3 Nc6 4. Nc3 Nf6 5. f4 d6 6. Nf3 Ng4 7. Ng5 Rf8 8. f5
Ne3 9. Bxe3 Bxe3 10. Nf3 Nd4 11. Nd5 Nxf3+ 12. Qxf3 Bd4 13. c3 Bb6 14. h4 c6 15.
Nxb6 Qxb6 16. O-O-O Qc7 17. g4 b5 18. Bb3 a5 19. d4 exd4 20. cxd4 a4 21. Bc2 Bb7
22. e5 O-O-O 23. Kb1 dxe5 24. dxe5 Qxe5 25. Rde1 Qc7 26. Qc3 f6 27. Re6 Rfe8 28.
Rhe1 Rxe6 29. Rxe6 c5 30. Qe3 Bh1 31. Re7 Rd7 32. Re8+ Kb7 33. Be4+ Bxe4+ 34.
Qxe4+ Kb6 35. Qa8 Qa7 36. Qe4 Qb7 37. Qe6+ Ka7 38. a3 b4 39. axb4 cxb4 40. Qg8
b3 41. Re1 Qe4+ {White resigns} 0-1

[Event "Team 45 45 League T52"]
[Site "Internet Chess Club"]
[Date "2012.03.04"]
[Round "3"]
[White "koni"]
[Black "DARKwizard1"]
[Result "0-1"]
[WhiteElo "1882"]
[BlackElo "2075"]
[Opening "Queen's pawn game"]
[ECO "D04"]
[Time "12:08:13"]
[TimeControl "2700+45"]

1. d4 Nf6 2. Nf3 d5 3. e3 Bf5 4. c4 e6 5. Nc3 Nc6 6. c5 a6 7. Be2 Be7 8. Nh4 Be4
9. Nxe4 dxe4 10. g3 g5 11. Ng2 e5 12. Qb3 Rb8 13. Bc4 O-O 14. O-O exd4 15. exd4
Nxd4 16. Qc3 Ng4 17. h3 Bf6 18. Qa5 Ne5 19. Ne3 Qd7 20. Kg2 Nxc4 21. Nxc4 g4 22.
h4 Qf5 23. Bf4 Ne6 24. Bxc7 Nxc7 25. Qxc7 Rfc8 26. Qd6 Rd8 27. Qb6 Bd4 28. Nd6
Qf3+ 29. Kh2 Bxf2 30. Nxe4 Bxg3+ 31. Nxg3 Rd2+ {White resigns} 0-1

[Event "Team 45 45 League T52"]
[Site "Internet Chess Club"]
[Date "2012.03.03"]
[Round "3"]
[White "SimplyClaudia"]
[Black "kabindra"]
[Result "1-0"]
[WhiteElo "1866"]
[BlackElo "1769"]
[Opening "King's Indian: Four pawns attack"]
[ECO "E76"]
[Time "14:10:59"]
[TimeControl "2700+45"]

1. d4 Nf6 2. c4 g6 3. Nc3 Bg7 4. e4 d6 5. f4 O-O 6. Nf3 e6 7. Bd3 Nc6 8. O-O a6
9. d5 exd5 10. cxd5 Nb4 11. Bb1 a5 12. Re1 c6 13. a3 Na6 14. e5 Ng4 15. h3 Qb6+
16. Qd4 Qxd4+ 17. Nxd4 dxe5 18. Nxc6 bxc6 19. hxg4 cxd5 20. Nxd5 exf4 21. g5
Bd4+ 22. Kh1 f3 23. gxf3 Bb7 24. Be4 Nc5 25. Ne7+ Kg7 26. Bxb7 Nxb7 27. Nc6 Bf2
28. Rf1 Rac8 29. Rxf2 Rxc6 30. b4 axb4 31. axb4 Nd6 32. Be3 Nf5 33. Bc5 Rb8 34.
Ra7 Rd8 35. Rc2 Rd1+ 36. Kh2 Rb1 37. Bf8+ Kxf8 38. Rxc6 Rxb4 39. Rcc7 Rh4+ 40.
Kg2 Nd6 41. Rd7 Rd4 42. Ra8+ Kg7 43. Rad8 Rd2+ 44. Kh3 Rd3 45. Rxd6 Rxf3+ 46.
Kg4 Rf5 47. Rd5 Rf1 48. R8d7 Rg1+ 49. Kf3 h5 50. gxh6+ Kxh6 51. Kf2 Ra1 52. Rxf7
Ra2+ 53. Kg3 Ra3+ 54. Rf3 Ra6 55. Rfd3 Ra4 56. R3d4 Ra3+ 57. Kg4 Ra1 58. Rd6
Rg1+ 59. Kf4 Rf1+ 60. Ke5 Kh5 61. Rf6 Rg1 62. Re4 g5 63. Rf5 Kg6 64. Ke6 g4 65.
Ree5 g3 66. Rg5+ Kh7 67. Kf7 Rf1+ 68. Ref5 Rxf5+ 69. Rxf5 Kh6 70. Kf6 {Black
resigns} 1-0

[Event "Team 45 45 League T52"]
[Site "Internet Chess Club"]
[Date "2012.03.04"]
[Round "3"]
[White "Portola"]
[Black "Mobtaker"]
[Result "0-1"]
[WhiteElo "1761"]
[BlackElo "1669"]
[Opening "Queen's pawn game"]
[ECO "A46"]
[Time "12:01:18"]
[TimeControl "2700+45"]

1. d4 Nf6 2. Nf3 e6 3. Bf4 c5 4. c3 b6 5. e3 Ba6 6. Bxa6 Nxa6 7. Nbd2 Be7 8. O-O
Nh5 9. Be5 f6 10. Bg3 Nxg3 11. hxg3 O-O 12. Kh2 d5 13. Rh1 Qc7 14. Kg1 e5 15. e4
dxe4 16. Nxe4 h6 17. d5 Bd6 18. c4 f5 19. Nc3 e4 20. Nb5 Qb8 21. Ne1 f4 22. gxf4
Rxf4 23. g3 Rf6 24. Qe2 Bxg3 25. fxg3 Qxg3+ 26. Ng2 Raf8 27. Qxe4 Rf2 28. Rh2
Rxb2 29. Qe6+ Kh8 30. Qe1 Qg4 31. Rd1 Rff2 32. Qe8+ Kh7 33. Rxh6+ Kxh6 34. Qh8+
Kg6 35. Qe8+ Kh7 {White resigns} 0-1

[Event "Team 45 45 League T52"]
[Site "Internet Chess Club"]
[Date "2012.03.02"]
[Round "3"]
[White "Gilguli"]
[Black "cys456"]
[Result "0-1"]
[WhiteElo "1439"]
[BlackElo "1681"]
[Opening "Sicilian defense"]
[ECO "B20"]
[Time "16:16:05"]
[TimeControl "2700+45"]

1. e4 c5 2. a3 Nc6 3. b4 cxb4 4. axb4 Nxb4 5. Ra4 Nc6 6. d4 d6 7. d5 Nb8 8. Qd4
Nf6 9. Bd2 b6 10. Nc3 g6 11. Bb5+ Bd7 12. Qc4 a6 13. Bxd7+ Qxd7 14. Be3 Bg7 15.
Bxb6 O-O 16. Nge2 Qc8 17. O-O Nbd7 18. Rb1 Qxc4 19. Rxc4 Rfc8 20. Rxc8+ Rxc8 21.
Bd4 e5 22. Be3 Ng4 23. Bc1 f5 24. f3 Ngf6 25. Ba3 Bf8 26. Rb7 Nc5 27. Bxc5 Rxc5
28. Ra7 Rc4 29. Rxa6 fxe4 30. fxe4 Nxe4 31. Nxe4 Rxe4 32. Kf2 Rc4 33. c3 Rc5 34.
Ke3 Rxd5 35. c4 Rc5 36. Ra4 h5 37. Nc3 Kf7 38. Ne4 Rc6 39. Ra7+ Ke8 40. Nf6+ Kd8
41. Nd5 Ke8 42. Nf6+ Kd8 43. Rd7+ Kc8 44. Kd3 d5 45. Rf7 e4+ 46. Kd4 Rxf6 47.
Rxf6 Bg7 48. cxd5 Bxf6+ 49. Kxe4 Kd7 50. Kd3 Kd6 51. Kc4 g5 52. h3 h4 53. Kd3
Kxd5 54. Ke3 Be5 55. Kf3 Kd4 56. Kg4 Bf4 57. Kf3 Kd3 58. Kf2 Ke4 59. Ke2 Bg3 60.
Kd2 Bf2 61. Ke2 Bc5 62. Kd2 Kf4 63. Ke2 Kg3 64. Kf1 Bb6 65. Ke2 Kxg2 66. Kd3
Kxh3 67. Ke4 Kg2 68. Kf5 h3 69. Kxg5 h2 {White resigns} 0-1